 Dungeon Crawl Stone Soup version 0.14.1-18-g0856e53 (webtiles) character file.

4240 Kae the Conjurer (level 10, -1/50 HPs)
             Began as a Tengu Fire Elementalist on June 2, 2014.
             Slain by an unseen horror (9 damage)
             ... on Level 8 of the Dungeon.
             The game lasted 00:22:53 (10174 turns).

Kae the Conjurer (Tengu Fire Elementalist)         Turns: 10174, Time: 00:22:53

HP  -1/50        AC  3     Str  9      XL: 10   Next: 18%
MP  19/25        EV 13     Int 19      God:
Gold 409         SH  0     Dex 14      Spells:  4 memorised, 11 levels left

rFire  . . .     SeeInvis .     q - +3,+1 spear
rCold  . . .     Clarity  .     a - +1 robe
rNeg   . . .     Conserve .     (no shield)
rPois  .         rCorr    .     (helmet restricted)
rElec  .         rRot     .     (no cloak)
SustAb . .       Spirit   .     (no gloves)
rMut   .         Warding  .     (boots unavailable)
Saprov . . .     Stasis   .     (no amulet)
MR     .....                    f - ring of regeneration
                                x - +1 ring of evasion

@: lethally poisoned, held, not resistant to hostile enchantments, fairly
stealthy
A: able to fly, beak, talons 3
a: Fly


You were on level 8 of the Dungeon.
You were not hungry.

You visited 2 branches of the dungeon, and saw 9 of its levels.

You collected 543 gold pieces.
You spent 134 gold pieces at shops.

Inventory:

Hand weapons
 q - a +3,+1 spear (weapon)
Missiles
 g - 7 darts (quivered)
Armour
 a - a +1 robe (worn)
Magical devices
 n - a wand of teleportation (0)
 t - a wand of frost (14)
 z - a wand of paralysis (7)
Comestibles
 c - 11 bread rations
 h - 4 chunks of gnoll flesh
Scrolls
 d - 2 scrolls of blinking
 e - 5 scrolls of teleportation
 k - 3 scrolls of remove curse
 r - a scroll of magic mapping
 v - 3 scrolls of identify
 w - a scroll of enchant armour
Jewellery
 f - a ring of regeneration (right hand)
 x - a +1 ring of evasion (left hand)
 y - a +1 ring of dexterity
Potions
 i - a potion of invisibility
 j - 3 potions of restore abilities
 m - 2 potions of lignification {unknown}
 o - a potion of mutation
 p - a potion of agility
 u - 6 potions of curing
 A - 6 potions of heal wounds
 B - 3 potions of haste
Books
 b - a book of Flames

   Spells                             Type                      Level
   *Flame Tongue                      Conjuration/Fire             1
   *Throw Flame                       Conjuration/Fire             2
   *Conjure Flame                     Conjuration/Fire             3
   Inner Flame                        Hexes/Fire                   3
   *Sticky Flame                      Conjuration/Fire             4
   Fireball                           Conjuration/Fire             5
 l - a book of Enchantments

   Spells                             Type                      Level
   Cause Fear                         Hexes                        4
   Silence                            Hexes/Air                    5
   Tukima's Dance                     Hexes                        5
   Deflect Missiles                   Charms/Air                   6
   Haste                              Charms                       6
   Discord                            Hexes                        8
 s - a book of Conjurations

   Spells                             Type                      Level
   Magic Dart                         Conjuration                  1
   Searing Ray                        Conjuration                  2
   Dazzling Spray                     Conjuration/Hexes            3
   Fulminant Prism                    Conjuration/Hexes            4
   Iskenderun's Mystic Blast          Conjuration                  4
   Iskenderun's Battlesphere          Conjuration/Charms           5


   Skills:
 - Level 2.1 Dodging
 - Level 2.0 Stealth
 + Level 6.2 Spellcasting
 * Level 11.6 Conjurations
 * Level 10.4 Fire Magic


You had 11 spell levels left.
You knew the following spells:

 Your Spells              Type           Power        Failure   Level  Hunger
a - Flame Tongue          Conj/Fire      #####        1%          1    None
b - Throw Flame           Conj/Fire      #####.       1%          2    None
c - Conjure Flame         Conj/Fire      #####...     1%          3    ##.....
d - Sticky Flame          Conj/Fire      #####...     1%          4    ####...


Dungeon Overview and Level Annotations

Branches:
Dungeon (8/15)             Temple (1/1) D:5            Lair (0/8) D:8

Altars:
Cheibriados
Elyvilon
Makhleb
Nemelex Xobeh
Okawaru
Sif Muna
Xom
Yredelemnul
Zin

Shops:
D:4 *   D:7 }

Annotations:
D:3 Sigmund
D:5 exclusion: 2 crimson imps


Innate Abilities, Weirdness & Mutations

You can fly.
You have a beak for a mouth.
You have claws for feet.


Message History

Press: ? - help, Shift-Dir - straight line, f/p - shop mimic
Aim: a shop mimic (lightly damaged, holding you, covered in liquid flames)
The flame tongue hits the shop mimic.
The shop mimic resists.
The shop mimic is lightly damaged.
The shop mimic burns!
Something completely misses you. Something hits you. The shop mimic hits you!
The shop mimic hits you.
* * * LOW HITPOINT WARNING * * *
You are poisoned.
The shop mimic poisons you!
Casting: Flame Tongue
Confirm with . or Enter, or press ? or * to list all spells.
Aiming: Flame Tongue
Press: ? - help, Shift-Dir - straight line, f/p - shop mimic
Aim: a shop mimic (lightly damaged, holding you, covered in liquid flames)
The flame tongue hits the shop mimic.
The shop mimic resists.
The shop mimic is lightly damaged.
You feel sick.
The shop mimic burns!
Something hits you.
* * * LOW HITPOINT WARNING * * *
Something hits you!
You die...

...........≈≈≈≈..#
#....
........#........#
###+#
#####+####......## #.#
######## #.# #.# #####
#.# #...# ######.#
#.∩.# #..<....
#..@#########.......
+...#....[............
### ###########.......
########


You could see a shop mimic (burning).

Vanquished Creatures
  A wyvern (D:4)
  The ghost of ciphuk the Ruinous, an average DECj of Vehumet (D:5)
  Eustachio (D:8)
  A hill giant skeleton (D:7)
  2 ogres
  5 sky beasts
  2 ice beasts
  2 orc warriors
  3 centaurs
  A phantom (D:6)
  A manticore skeleton (D:8)
  2 giant frogs (D:6)
  A big kobold (D:7)
  A crocodile (D:7)
  Blork the orc (D:7)
  5 scorpions
  A goliath beetle (D:6)
  8 crimson imps
  2 orc priests
  An iguana (D:6)
  A black bear zombie (D:8)
  A hound (D:6)
  9 orc wizards
  7 worker ants
  An ogre zombie (D:7)
  A worker ant zombie (D:7)
  7 gnolls
  10 adders
  4 shadow imps
  4 worms
  A goliath beetle zombie (D:8)
  An orc zombie (D:6)
  3 giant eyeballs
  3 giant geckos
  An ooze (D:5)
  21 orcs
  20 bats
  A bat zombie (D:5)
  9 giant cockroaches
  11 hobgoblins
  16 jackals
  11 kobolds
  2 ball pythons
  9 giant newts
  12 goblins
  A goblin skeleton (D:4)
  A kobold skeleton (D:7)
  An orc skeleton (D:6)
  5 quokkas
  9 rats
225 creatures vanquished.

Notes
Turn   | Place    | Note
--------------------------------------------------------------
     0 | D:1      | Kae, the Tengu Fire Elementalist, began the quest for the Orb.
     0 | D:1      | Reached XP level 1. HP: 10/10 MP: 3/3
   329 | D:1      | Reached XP level 2. HP: 9/15 MP: 5/5
  1180 | D:2      | Reached XP level 3. HP: 16/19 MP: 0/7
  1192 | D:2      | Learned a level 2 spell: Throw Flame
  1196 | D:2      | Learned a level 3 spell: Conjure Flame
  1266 | D:2      | Reached skill level 4 in Fire Magic
  1571 | D:2      | Reached XP level 4. HP: 21/24 MP: 2/9
  2224 | D:3      | Reached XP level 5. HP: 24/28 MP: 13/13
  2294 | D:3      | Found a basalt altar of Yredelemnul.
  2882 | D:3      | Noticed Sigmund
  3127 | D:2      | Paralysed by a giant eyeball for 4 turns
  3134 | D:2      | Paralysed by a giant eyeball for 4 turns
  3862 | D:4      | Reached skill level 5 in Fire Magic
  3915 | D:4      | Reached XP level 6. HP: 25/32 MP: 5/15
  4051 | D:4      | Reached skill level 5 in Conjurations
  4483 | D:4      | Found Ummafoipp's Assorted Antiques.
  4573 | D:4      | Bought a scroll of identify for 34 gold pieces
  4577 | D:4      | Bought a moonstone ring for 85 gold pieces
  4577 | D:4      | Bought a brown potion for 15 gold pieces
  4962 | D:4      | Reached skill level 6 in Conjurations
  4962 | D:4      | Reached XP level 7. HP: 36/36 MP: 6/17
  5085 | D:5      | Entered Level 5 of the Dungeon
  5123 | D:5      | HP: 1/36 [centaur/arrow (11)]
  5278 | D:4      | Learned a level 4 spell: Sticky Flame
  5311 | D:5      | Noticed ciphuk's ghost (average DECj)
  5316 | D:5      | HP: 1/36 [ciphuk's ghost/orb of energy (18)]
  5371 | D:4      | Noticed a wyvern
  5382 | D:4      | Killed a wyvern
  5578 | D:5      | Killed ciphuk's ghost
  5578 | D:5      | Reached skill level 7 in Conjurations
  5670 | D:5      | Found a sparkling altar of Nemelex Xobeh.
  5681 | D:5      | Reached XP level 8. HP: 34/41 MP: 14/20
  6024 | D:5      | Found a staircase to the Ecumenical Temple.
  6081 | Temple   | Entered the Ecumenical Temple
  6170 | D:5      | Reached skill level 8 in Conjurations
  6591 | D:5      | HP: 1/41 [centaur (6)]
  7196 | D:6      | Reached skill level 5 in Spellcasting
  7214 | D:6      | Reached skill level 9 in Conjurations
  7280 | D:6      | Reached XP level 9. HP: 32/45 MP: 18/22
  8166 | D:7      | Found a glowing silver altar of Zin.
  8167 | D:7      | Noticed an angel
  8226 | D:7      | Reached skill level 10 in Conjurations
  8462 | D:7      | Noticed Blork the orc
  8478 | D:7      | Killed Blork the orc
  8772 | D:7      | Found Ijau's Gadget Shoppe.
  8990 | D:7      | Reached skill level 11 in Conjurations
  9107 | D:7      | Paralysed by a giant eyeball for 3 turns
  9212 | D:7      | Reached skill level 10 in Fire Magic
  9323 | D:7      | Reached XP level 10. HP: 44/50 MP: 24/24
  9477 | D:8      | Found a staircase to the Lair.
  9902 | D:8      | Noticed Eustachio
  9913 | D:8      | Killed Eustachio
 10167 | D:8      | Found Kavuhyil's Gadget Shop.
 10171 | D:8      | Kavuhyil's Gadget Shop was a mimic.
 10174 | D:8      | Slain by an unseen horror

Action                   |  1- 3 |  4- 6 |  7- 9 | 10-12 || total
-------------------------+-------+-------+-------+-------++-------
Melee: Unarmed           |   114 |    32 |       |       ||   146
       Spear             |       |    64 |   289 |    20 ||   373
 Cast: Flame Tongue      |    34 |    81 |   131 |    43 ||   289
       Throw Flame       |       |    28 |    47 |     9 ||    84
       Conjure Flame     |       |     4 |    14 |     3 ||    21
       Sticky Flame      |       |       |    10 |     3 ||    13
Evoke: Wand              |       |       |     2 |     1 ||     3
  Use: Potion            |     1 |     1 |     9 |       ||    11
       Scroll            |       |    14 |     2 |       ||    16
 Stab: Sleeping          |     2 |     3 |     4 |       ||     9
       Distracted        |       |     1 |     2 |       ||     3
